[Event "FIDE WYCC Top Boards Girls 2023"]
[Site "Montesilvano"]
[Date "2023.11.13"]
[Round "1.7"]
[White "Menon, Gauri"]
[Black "Hrebenshchykova, Yelyzaveta"]
[Result "0-1"]
[ECO "D85"]
[WhiteElo "1821"]
[BlackElo "2292"]
[Annotator "ChessBase"]
[PlyCount "54"]
[EventDate "2023.11.13"]
[EventType "swiss"]
[EventCountry "ITA"]
[SourceTitle "playchess.com"]
[Source "ChessBase"]
[SourceQuality "1"]
[TimeControl "40/5400+30:1800+30"]

1. d4 Nf6 2. c4 g6 3. Nc3 d5 4. cxd5 Nxd5 5. e4 Nxc3 6. bxc3 c5 7. Be3 Bg7 8. Rc1 Qa5 9. Qd2 O-O 10. Nf3 Nc6 11. d5 Rd8 12. Bd3 Bg4 13. c4 Qa3 14. Bb1 Bxf3 15. gxf3 Bb2 16. Rc2 Nd4 17. Bxd4 Qxf3 18. Rxb2 Qxh1+ 19. Ke2 cxd4 20. Qf4 b6 21. e5 Rac8 22. Be4 Qa1 23. Rc2 e6 24. d6 d3+ 25. Bxd3 Rc5 26. Qh4 Rxe5+ 27. Kf3 Rxd6 0-1

[Event "FIDE WYCC Top Boards Girls 2023"]
[Site "Montesilvano"]
[Date "2023.11.13"]
[Round "1.8"]
[White "Kurmangaliyeva, Liya"]
[Black "Hyatt, Jessica"]
[Result "1/2-1/2"]
[ECO "A84"]
[WhiteElo "2236"]
[BlackElo "1818"]
[Annotator "ChessBase"]
[PlyCount "121"]
[EventDate "2023.11.13"]
[EventType "swiss"]
[EventCountry "ITA"]
[SourceTitle "playchess.com"]
[Source "ChessBase"]
[SourceQuality "1"]
[TimeControl "40/5400+30:1800+30"]

1. d4 d5 2. c4 e6 3. Nf3 c6 4. e3 Bd6 5. b3 Nd7 6. Bb2 f5 7. Bd3 Qf6 8. Qc2 Ne7 9. Nc3 O-O 10. Ne2 a5 11. a3 Kh8 12. Ng3 e5 13. Nh5 Qe6 14. dxe5 Nxe5 15. Nxe5 Bxe5 16. O-O Bd7 17. Rad1 Bxb2 18. Qxb2 Qf7 19. Nf4 Qf6 20. Qd2 Be8 21. cxd5 cxd5 22. Be2 Bf7 23. Bb5 g5 24. Ne2 Bh5 25. Rc1 Nc6 26. Bxc6 bxc6 27. Nd4 Be8 28. Rc5 a4 29. b4 Bd7 30. Rfc1 f4 31. exf4 Qxf4 32. Qxf4 Rxf4 33. Nxc6 Bxc6 34. Rxc6 Rd4 35. Kf1 Rd2 36. R1c2 Rd3 37. R6c3 Rxc3 38. Rxc3 Kg7 39. Rc5 Rd8 40. Ke2 Kf6 41. Rc7 Ke5 42. Ke3 h6 43. Re7+ Kd6 44. Rh7 Ke5 45. Rxh6 Rc8 46. Kd2 Kd4 47. Rh3 Rf8 48. f3 Re8 49. Rg3 Kc4 50. b5 Rb8 51. Rxg5 Rxb5 52. f4 Rb2+ 53. Kc1 Rf2 54. f5 d4 55. Kd1 d3 56. Rg8 Rxf5 57. Rc8+ Kb3 58. Kd2 Rf2+ 59. Kxd3 Rxg2 60. h4 Rh2 61. h5 1/2-1/2

[Event "FIDE WYCC Top Boards Girls 2023"]
[Site "Montesilvano"]
[Date "2023.11.13"]
[Round "1.9"]
[White "Gvatua, Mariam"]
[Black "Nurmanova, Alua"]
[Result "0-1"]
[ECO "E94"]
[WhiteElo "1701"]
[BlackElo "2367"]
[Annotator "ChessBase"]
[PlyCount "64"]
[EventDate "2023.11.13"]
[EventType "swiss"]
[EventCountry "ITA"]
[SourceTitle "playchess.com"]
[Source "ChessBase"]
[SourceQuality "1"]
[TimeControl "40/5400+30:1800+30"]

1. Nf3 Nf6 2. c4 g6 3. Nc3 Bg7 4. e4 d6 5. d4 O-O 6. Be2 Na6 7. O-O e5 8. d5 Nc5 9. Qc2 a5 10. Ne1 Nfd7 11. f3 f5 12. Be3 f4 13. Bf2 g5 14. Nd3 h5 15. b3 Rf7 16. a3 Bf8 17. b4 Nxd3 18. Qxd3 Rg7 19. Qd1 Nf6 20. Kh1 g4 21. Qe1 Nh7 22. g3 Qf6 23. Rd1 gxf3 24. Bxf3 Ng5 25. Bxh5 Bh3 26. Rg1 f3 27. Be3 axb4 28. axb4 Ra3 29. Rc1 Be7 30. Nd1 Rh7 31. g4 Bg2+ 32. Rxg2 fxg2+ 0-1

[Event "FIDE WYCC Top Boards Girls 2023"]
[Site "Montesilvano"]
[Date "2023.11.13"]
[Round "1.10"]
[White "Wang, Chuqiao"]
[Black "Levchenko, Marina"]
[Result "1-0"]
[ECO "D36"]
[WhiteElo "2215"]
[BlackElo "1700"]
[Annotator "ChessBase"]
[PlyCount "111"]
[EventDate "2023.11.13"]
[EventType "swiss"]
[EventCountry "ITA"]
[SourceTitle "playchess.com"]
[Source "ChessBase"]
[SourceQuality "1"]
[TimeControl "40/5400+30:1800+30"]

1. d4 d5 2. c4 e6 3. Nc3 Be7 4. Nf3 Nf6 5. cxd5 exd5 6. Bg5 O-O 7. e3 h6 8. Bf4 c6 9. Bd3 Nbd7 10. Qc2 Re8 11. O-O Nf8 12. Rab1 Bd6 13. Bxd6 Qxd6 14. b4 Be6 15. b5 N6d7 16. bxc6 Qxc6 17. Qb2 b6 18. Rbc1 Red8 19. Nb5 Qb7 20. Nc7 Rac8 21. Ba6 Qb8 22. Bxc8 Rxc8 23. Nxe6 Nxe6 24. Rxc8+ Qxc8 25. Rc1 Qb7 26. Qc2 Kf8 27. Qc8+ Qxc8 28. Rxc8+ Ke7 29. Kf1 a5 30. a4 h5 31. Ke2 g6 32. Rc1 Nd8 33. Kd2 Kd6 34. Ne1 Nc6 35. Nd3 Ndb8 36. Rb1 Nd7 37. Kc3 Ke6 38. f3 Kf5 39. Rb5 Ne7 40. e4+ Kf6 41. Nf4 dxe4 42. fxe4 Nc8 43. Rb1 Ke7 44. e5 h4 45. Kc4 g5 46. Nd5+ Ke6 47. Nc7+ Ke7 48. Nb5 f6 49. exf6+ Kxf6 50. Kd5 Ke7 51. Re1+ Kd8 52. Ke6 Nb8 53. Rf1 Ke8 54. Nd6+ Nxd6 55. Kxd6 Nd7 56. Kc7 1-0

[Event "FIDE WYCC Top Boards Girls 2023"]
[Site "Montesilvano"]
[Date "2023.11.13"]
[Round "1.11"]
[White "Jiang, Hanxi"]
[Black "Shukhman, Anna"]
[Result "0-1"]
[ECO "D24"]
[WhiteElo "1575"]
[BlackElo "2263"]
[Annotator "ChessBase"]
[PlyCount "58"]
[EventDate "2023.11.13"]
[EventType "swiss"]
[EventCountry "ITA"]
[SourceTitle "playchess.com"]
[Source "ChessBase"]
[SourceQuality "1"]
[TimeControl "40/5400+30:1800+30"]

1. d4 Nf6 2. c4 e6 3. Nf3 d5 4. Nc3 dxc4 5. e4 b5 6. e5 Nd5 7. Nxb5 Nb6 8. Be2 Bb7 9. O-O Nc6 10. Bg5 Qd7 11. Rc1 Na5 12. a4 a6 13. Nc3 h6 14. Be3 Bb4 15. Nh4 Be7 16. Nf3 Bc6 17. Nd2 Rb8 18. f4 O-O 19. Bg4 Nxa4 20. f5 Bg5 21. Bf2 exf5 22. Bh5 Rxb2 23. Nf3 Bxc1 24. Qxc1 Nb3 25. Qe3 f4 26. Qxf4 Nxc3 27. Nh4 Ne2+ 28. Bxe2 Rxe2 29. Nf5 Re4 0-1

[Event "FIDE WYCC Top Boards Girls 2023"]
[Site "Montesilvano"]
[Date "2023.11.13"]
[Round "1.12"]
[White "Nurgaliyeva, Zarina"]
[Black "Alemanova, Yasmina"]
[Result "1-0"]
[ECO "C02"]
[WhiteElo "2104"]
[BlackElo "1570"]
[Annotator "NA"]
[PlyCount "51"]
[EventDate "2023.11.13"]
[EventType "swiss"]
[EventCountry "ITA"]
[SourceTitle "playchess.com"]
[Source "ChessBase"]
[SourceQuality "1"]
[TimeControl "40/5400+30:1800+30"]

1. e4 e6 2. d4 d5 3. e5 c5 4. c3 Nc6 5. Nf3 Bd7 6. Be2 Rc8 7. O-O Be7 8. Be3 f6 9. Nbd2 cxd4 10. cxd4 Nh6 11. Bxh6 gxh6 12. exf6 Bxf6 13. Nb3 O-O 14. Re1 Nb4 15. Bd3 Nxd3 16. Qxd3 b6 17. Nbd2 Bg7 18. Ne5 Rf5 19. Ndf3 Be8 20. Qe3 Bh5 21. g4 Bxg4 22. Nxg4 Qf8 23. Nge5 Rc2 24. Rac1 Rxb2 25. Nd7 Qe7 26. Rc8+ 1-0

[Event "FIDE WYCC Top Boards Girls 2023"]
[Site "Montesilvano"]
[Date "2023.11.15"]
[Round "3.7"]
[White "Sevcikova, Lucia"]
[Black "Hrebenshchykova, Yelyzaveta"]
[Result "0-1"]
[ECO "E70"]
[WhiteElo "2047"]
[BlackElo "2292"]
[Annotator "RC"]
[PlyCount "90"]
[EventDate "2023.11.13"]
[EventType "swiss"]
[EventCountry "ITA"]
[SourceTitle "playchess.com"]
[Source "ChessBase"]
[SourceQuality "1"]
[TimeControl "40/5400+30:1800+30"]

1. d4 Nf6 2. c4 g6 3. Nc3 Bg7 4. e4 d6 5. Bd3 O-O 6. Nge2 Nc6 7. O-O e5 8. d5 Nd4 9. Nxd4 exd4 10. Ne2 Re8 11. f3 c5 12. Bg5 h6 13. Bh4 Bd7 14. Qc2 a6 15. a4 Rb8 16. b3 Qc7 17. h3 b5 18. axb5 axb5 19. f4 bxc4 20. bxc4 Rb6 21. Rfb1 Rxb1+ 22. Qxb1 Nh7 23. f5 Be5 24. g4 Kg7 25. Qa2 Rb8 26. Bg3 Bxg3 27. Nxg3 Qd8 28. fxg6 fxg6 29. Qa7 Rb3 30. Ra3 Rxa3 31. Qxa3 Qg5 32. Be2 Nf6 33. Kg2 h5 34. gxh5 gxh5 35. Kh2 h4 36. Nf1 Qf4+ 37. Kg2 Nxe4 38. Qf3 Qxf3+ 39. Bxf3 Ng5 40. Bg4 Bxg4 41. hxg4 Kf6 42. Nd2 Ke5 43. Nb3 Kf4 44. Na5 d3 45. Nb3 Ke5 0-1

[Event "FIDE WYCC Top Boards Girls 2023"]
[Site "Montesilvano"]
[Date "2023.11.15"]
[Round "3.8"]
[White "Sosovickova, Jana"]
[Black "Wu, Rochelle"]
[Result "0-1"]
[ECO "D30"]
[WhiteElo "2013"]
[BlackElo "2228"]
[Annotator "ChessBase"]
[PlyCount "118"]
[EventDate "2023.11.13"]
[EventType "swiss"]
[EventCountry "ITA"]
[SourceTitle "playchess.com"]
[Source "ChessBase"]
[SourceQuality "1"]
[TimeControl "40/5400+30:1800+30"]

1. d4 d5 2. c4 e6 3. Nf3 Be7 4. e3 Nf6 5. Bd3 O-O 6. O-O dxc4 7. Bxc4 b6 8. b3 Bb7 9. Ba3 Bxa3 10. Nxa3 Qe7 11. Nc2 Nbd7 12. Qe2 Rad8 13. Rfd1 Ne4 14. Qe1 Qf6 15. Bf1 c5 16. Na3 cxd4 17. Nxd4 Ng5 18. h4 Ne4 19. f3 Nd6 20. Nab5 Nc8 21. b4 Ne5 22. Qg3 Ng6 23. h5 Nge7 24. Qf4 Qxf4 25. exf4 Nd5 26. f5 a6 27. fxe6 axb5 28. exf7+ Rxf7 29. Nxb5 Rfd7 30. Bc4 Kh8 31. a3 h6 32. Re1 Nf4 33. Re5 Rd2 34. Bf1 R2d5 35. Rae1 Nxh5 36. Re8+ Rxe8 37. Rxe8+ Kh7 38. Bc4 Rd1+ 39. Kh2 Nf6 40. Rf8 Rd2 41. Be6 Ne7 42. Rf7 Nfg8 43. Nc7 Rd8 44. Bb3 Bc8 45. Ba4 Kh8 46. Ne8 Be6 47. Rf4 Ng6 48. Re4 Bf5 49. Rc4 b5 50. Bxb5 Bd3 51. Rg4 Bxb5 52. Nc7 Bd3 53. b5 Nf6 54. Rb4 Bxb5 55. Rxb5 Rd2 56. Rb8+ Kh7 57. Ne6 Re2 58. Nd4 Ra2 59. Ne6 Nh5 0-1

[Event "FIDE WYCC Top Boards Girls 2023"]
[Site "Montesilvano"]
[Date "2023.11.15"]
[Round "3.9"]
[White "Wang, Chuqiao"]
[Black "Tejaswini G"]
[Result "1/2-1/2"]
[ECO "E62"]
[WhiteElo "2215"]
[BlackElo "1956"]
[Annotator "ChessBase"]
[PlyCount "148"]
[EventDate "2023.11.13"]
[EventType "swiss"]
[EventCountry "ITA"]
[SourceTitle "playchess.com"]
[Source "ChessBase"]
[SourceQuality "1"]
[TimeControl "40/5400+30:1800+30"]

1. d4 Nf6 2. c4 g6 3. g3 Bg7 4. Bg2 O-O 5. Nf3 d6 6. O-O c6 7. Nc3 Bf5 8. Bf4 Ne4 9. Na4 Be6 10. Qc2 d5 11. c5 Nd7 12. Rfd1 h6 13. h4 Bf5 14. Qc1 Qa5 15. b3 Kh7 16. Ne5 Nxe5 17. Bxe5 f6 18. Bf4 g5 19. hxg5 fxg5 20. Be5 Bxe5 21. dxe5 Qc7 22. Qb2 e6 23. Qd4 Bg6 24. Rf1 Qe7 25. Rac1 Rf7 26. Nb2 Raf8 27. Nd3 Nd2 28. Rfd1 Ne4 29. Rf1 Nd2 30. Rfe1 Ne4 31. Qe3 Nxf2 32. Nxf2 Rxf2 33. Bf3 R2xf3 34. exf3 Qf7 35. Rf1 Qf5 36. Kg2 Qd3 37. Qxd3 Bxd3 38. Rf2 h5 39. Rd1 Ba6 40. Rfd2 Kg6 41. Re1 Bb5 42. Rd4 Rf7 43. Rd2 Ba6 44. Rdd1 Bb5 45. Kf2 g4 46. Re3 Rf5 47. Rd4 gxf3 48. g4 hxg4 49. Rxg4+ Kh5 50. Rg7 Be2 51. Rxb7 d4 52. Rxe2 fxe2+ 53. Kxe2 Rxe5+ 54. Kd3 Rxc5 55. Kxd4 Ra5 56. Re7 Rxa2 57. Rxe6 Rc2 58. Re7 Kg5 59. Rxa7 Kf6 60. Kd3 Rc1 61. Kd2 Rc5 62. Kd3 Ke6 63. b4 Rc1 64. Kd4 Kd6 65. Rh7 Rd1+ 66. Kc4 Rc1+ 67. Kb3 Re1 68. Ka4 Ra1+ 69. Kb3 Re1 70. Ka4 Ra1+ 71. Kb3 Re1 72. Ka4 Ra1+ 73. Kb3 Re1 74. Ka4 Ra1+ 1/2-1/2

[Event "FIDE WYCC Top Boards Girls 2023"]
[Site "Montesilvano"]
[Date "2023.11.15"]
[Round "3.10"]
[White "Tokarz, Izabela"]
[Black "Siekanska, Maria"]
[Result "1/2-1/2"]
[ECO "D38"]
[WhiteElo "1931"]
[BlackElo "2180"]
[Annotator "ChessBase"]
[PlyCount "180"]
[EventDate "2023.11.13"]
[EventType "swiss"]
[EventCountry "ITA"]
[SourceTitle "playchess.com"]
[Source "ChessBase"]
[SourceQuality "1"]
[TimeControl "40/5400+30:1800+30"]

1. d4 d5 2. c4 e6 3. Nc3 Nf6 4. Nf3 Bb4 5. Qa4+ Nc6 6. a3 Bxc3+ 7. bxc3 dxc4 8. Qxc4 O-O 9. Bg5 h6 10. Bh4 Re8 11. e4 g5 12. Nxg5 hxg5 13. Bxg5 e5 14. d5 Nb8 15. Rd1 Qd6 16. Bxf6 Qxf6 17. Qxc7 Qg6 18. Rd3 Qxe4+ 19. Be2 Bf5 20. Qxb7 Nd7 21. Rg3+ Kh7 22. Qb4 Qxb4 23. axb4 a5 24. Rf3 Bg6 25. O-O axb4 26. cxb4 Nb6 27. Bb5 Red8 28. Bc6 Rac8 29. b5 Nxd5 30. Re1 Nb4 31. h4 Nxc6 32. bxc6 Rxc6 33. Rxe5 Rd4 34. Rh3 Rc1+ 35. Kh2 Rc2 36. f3 f6 37. Ra5 Bd3 38. Rh5+ Kg6 39. Rh8 Kg7 40. Rh5 Kg6 41. Rh8 Kg7 42. Rh5 Rcc4 43. Kg3 Kg6 44. Ra5 Rc2 45. Rh1 f5 46. Re1 Bc4 47. Rb1 Rd6 48. Ra8 Kh6 49. Kh3 Be6 50. Rab8 f4+ 51. Kh2 Rdd2 52. Rg1 Kg6 53. Rf8 Bf5 54. Rg8+ Kf6 55. Rf8+ Ke5 56. Re1+ Re2 57. Re8+ Be6 58. Rxe2+ Rxe2 59. Rf8 Ra2 60. Kg1 Ra7 61. Kf2 Rg7 62. Re8 Ra7 63. Rf8 Ra2+ 64. Kg1 Ra1+ 65. Kh2 Rb1 66. Re8 Kf6 67. Rf8+ Bf7 68. Rc8 Rb2 69. Rc6+ Ke5 70. Rc8 Bd5 71. Re8+ Kd4 72. Kh3 Bc6 73. Re7 Bd5 74. h5 Bb7 75. Re8 Bc6 76. Re7 Bb7 77. Kg4 Rxg2+ 78. Kxf4 Bd5 79. h6 Rf2 80. h7 Rxf3+ 81. Kg5 Rh3 82. Kf4 Bc4 83. Rd7+ Kc5 84. Kg5 Ba2 85. Rb7 Bd5 86. Re7 Kd6 87. Ra7 Be4 88. Ra6+ Ke5 89. Ra5+ Ke6 90. Ra6+ Ke5 1/2-1/2

[Event "FIDE WYCC Top Boards Girls 2023"]
[Site "Montesilvano"]
[Date "2023.11.15"]
[Round "3.11"]
[White "Zagorac, Lara"]
[Black "Shukhman, Anna"]
[Result "1/2-1/2"]
[ECO "A61"]
[WhiteElo "1866"]
[BlackElo "2263"]
[Annotator "ChessBase"]
[PlyCount "116"]
[EventDate "2023.11.13"]
[EventType "swiss"]
[EventCountry "ITA"]
[SourceTitle "playchess.com"]
[Source "ChessBase"]
[SourceQuality "1"]
[TimeControl "40/5400+30:1800+30"]

1. d4 Nf6 2. Nf3 g6 3. c4 c5 4. d5 e6 5. Nc3 exd5 6. cxd5 d6 7. Bf4 a6 8. a4 Bg7 9. e3 O-O 10. Be2 Bg4 11. O-O Qe7 12. Qd2 Nbd7 13. h3 Bxf3 14. Bxf3 c4 15. Be2 Rac8 16. Rac1 Ne5 17. Rfd1 h6 18. a5 Rfe8 19. Na4 Ne4 20. Qc2 f5 21. Nb6 Rc7 22. Bxc4 g5 23. Bxe5 Qxe5 24. Qe2 Qxb2 25. Qxb2 Bxb2 26. Rc2 Bg7 27. Rdc1 Rc5 28. Bd3 Nc3 29. Kh2 f4 30. exf4 gxf4 31. Bf5 Bd4 32. Be6+ Kh8 33. Rd2 Bg7 34. Rdc2 Re7 35. h4 Bd4 36. Rd2 Nb5 37. Rxc5 Bxc5 38. Re2 Bxb6 39. axb6 Nd4 40. Re4 Nxe6 41. dxe6 d5 42. Re5 Kg7 43. Rxd5 Kf6 44. Rh5 Rxe6 45. Rxh6+ Kf5 46. Rh8 Rxb6 47. Kh3 Rb4 48. Rf8+ Kg6 49. Kg4 a5 50. h5+ Kh6 51. Rh8+ Kg7 52. Ra8 b6 53. Kg5 Rb5+ 54. Kg4 Rb2 55. Kg5 Rb5+ 56. Kg4 Kf6 57. Rf8+ Kg7 58. Ra8 Rb2 1/2-1/2

[Event "FIDE WYCC Top Boards Girls 2023"]
[Site "Montesilvano"]
[Date "2023.11.15"]
[Round "3.12"]
[White "Nurgaliyeva, Zarina"]
[Black "Zhang, Michelle"]
[Result "1-0"]
[ECO "B12"]
[WhiteElo "2104"]
[BlackElo "1833"]
[Annotator "NA"]
[PlyCount "67"]
[EventDate "2023.11.13"]
[EventType "swiss"]
[EventCountry "ITA"]
[SourceTitle "playchess.com"]
[Source "ChessBase"]
[SourceQuality "1"]
[TimeControl "40/5400+30:1800+30"]

1. e4 c6 2. d4 d5 3. e5 Bf5 4. Nd2 e6 5. Nb3 Nd7 6. Nf3 a6 7. Be2 Rc8 8. O-O c5 9. dxc5 Bxc5 10. Nxc5 Nxc5 11. Nd4 Bg6 12. a4 Ne7 13. c3 O-O 14. a5 Nc6 15. Nxc6 Rxc6 16. Be3 h6 17. Bd4 Qh4 18. b4 Ne4 19. Rc1 Rfc8 20. Qe1 Qf4 21. b5 axb5 22. Bxb5 R6c7 23. f3 Nc5 24. Qd1 Qf5 25. Re1 Nd3 26. g4 Qf4 27. Bxd3 Qxd4+ 28. cxd4 Rxc1 29. Qxc1 Rxc1 30. Rxc1 Bxd3 31. Rc8+ Kh7 32. Rc7 Ba6 33. Rxf7 Kg6 34. Re7 1-0

[Event "FIDE WYCC Top Boards Girls 2023"]
[Site "Montesilvano"]
[Date "2023.11.16"]
[Round "4.7"]
[White "Hrebenshchykova, Yelyzaveta"]
[Black "Mungunzul, Bat-Erdene"]
[Result "1-0"]
[ECO "A41"]
[WhiteElo "2292"]
[BlackElo "2111"]
[Annotator "RC"]
[PlyCount "109"]
[EventDate "2023.11.13"]
[EventType "swiss"]
[EventCountry "ITA"]
[SourceTitle "playchess.com"]
[Source "ChessBase"]
[SourceQuality "1"]
[TimeControl "40/5400+30:1800+30"]

1. c4 e5 2. e3 g6 3. Nc3 Bg7 4. d4 d6 5. Nf3 Nd7 6. Be2 Ne7 7. O-O O-O 8. Qc2 h6 9. Rd1 Kh7 10. b3 b6 11. dxe5 Nxe5 12. Nxe5 Bxe5 13. Bf3 Rb8 14. Bb2 Bb7 15. Nd5 Nc6 16. Be2 Bxb2 17. Qxb2 Ne5 18. f4 Nd7 19. Bf3 Re8 20. Re1 Bxd5 21. cxd5 a5 22. Qc3 Rb7 23. a3 Ra7 24. Rac1 Qf6 25. Qxf6 Nxf6 26. Kf2 Kg7 27. Rc2 Nd7 28. b4 Re7 29. Rec1 axb4 30. axb4 Nf6 31. Rc4 Kf8 32. R1c2 Ke8 33. h4 h5 34. e4 Kd8 35. Re2 Nd7 36. Rcc2 Ra4 37. Ra2 b5 38. Rxa4 bxa4 39. Ke3 Kc8 40. Kd4 Kb7 41. Ra2 Nb6 42. e5 Kb8 43. g3 Rd7 44. b5 Re7 45. Bg2 Nd7 46. Rxa4 dxe5+ 47. fxe5 Rxe5 48. d6 cxd6 49. Ra8+ Kc7 50. Ra7+ Kd8 51. Bc6 Re7 52. Bxd7 Rxd7 53. b6 Kc8 54. Kd5 f6 55. Kc6 1-0

[Event "FIDE WYCC Top Boards Girls 2023"]
[Site "Montesilvano"]
[Date "2023.11.16"]
[Round "4.8"]
[White "Wu, Rochelle"]
[Black "Mihelic, Vesna"]
[Result "1-0"]
[ECO "D31"]
[WhiteElo "2228"]
[BlackElo "2102"]
[Annotator "RC"]
[PlyCount "109"]
[EventDate "2023.11.13"]
[EventType "swiss"]
[EventCountry "ITA"]
[SourceTitle "playchess.com"]
[Source "ChessBase"]
[SourceQuality "1"]
[TimeControl "40/5400+30:1800+30"]

1. d4 d5 2. c4 e6 3. Nc3 h6 4. cxd5 exd5 5. Bf4 c6 6. e3 Bf5 7. Bd3 Bxd3 8. Qxd3 Bd6 9. Bxd6 Qxd6 10. Nge2 Nf6 11. f3 O-O 12. O-O Nbd7 13. Rad1 Rad8 14. e4 dxe4 15. fxe4 Qe6 16. Qc2 Nb6 17. Rf3 Nh7 18. Nf4 Qc4 19. Qf2 Ng5 20. Rg3 Kh8 21. Nh5 f5 22. exf5 Qf7 23. h4 Nh3+ 24. Rxh3 Qxh5 25. Rf3 Nd5 26. Rf1 Nf6 27. Rf4 Rfe8 28. d5 cxd5 29. Qxa7 Ng4 30. Qd4 Nf6 31. a4 Rd7 32. b3 Kh7 33. a5 Ra8 34. b4 Rc8 35. Qd3 Kh8 36. Na4 Re8 37. Nc5 Rde7 38. Ne6 Rxe6 39. fxe6 Rxe6 40. b5 Qe8 41. a6 bxa6 42. bxa6 Qa8 43. Ra1 Re7 44. Qd4 Ne4 45. a7 Ng3 46. Kh2 Ne2 47. Qc5 Re8 48. Rb4 d4 49. Qh5 Kh7 50. Qf5+ Kh8 51. Qf7 Kh7 52. Rb7 Rg8 53. Ra6 Nf4 54. Qf5+ Kh8 55. Rxh6+ 1-0

[Event "FIDE WYCC Top Boards Girls 2023"]
[Site "Montesilvano"]
[Date "2023.11.16"]
[Round "4.9"]
[White "Khuslen, Erdenebayar"]
[Black "Shvedova, Alexandra"]
[Result "0-1"]
[ECO "E20"]
[WhiteElo "1906"]
[BlackElo "2170"]
[Annotator "RC"]
[PlyCount "94"]
[EventDate "2023.11.13"]
[EventType "swiss"]
[EventCountry "ITA"]
[SourceTitle "playchess.com"]
[Source "ChessBase"]
[SourceQuality "1"]
[TimeControl "40/5400+30:1800+30"]

1. d4 Nf6 2. c4 e6 3. Nc3 Bb4 4. f3 c5 5. d5 b5 6. e4 O-O 7. Nge2 bxc4 8. Nf4 Ba6 9. Be2 exd5 10. Nfxd5 Nxd5 11. Qxd5 Nc6 12. O-O Qf6 13. Nd1 Qd4+ 14. Ne3 Qxd5 15. exd5 Ne5 16. Rd1 Rfe8 17. Bf1 Rab8 18. Nf5 Nd3 19. d6 Re6 20. g3 Ba5 21. Rb1 Bd8 22. b3 Re5 23. g4 Nxc1 24. Rdxc1 g6 25. Ng3 Bg5 26. Re1 Be3+ 27. Kg2 Bd4 28. Ne4 Re6 29. bxc4 Rf8 30. g5 Kg7 31. Kg3 Rd8 32. Bh3 Ree8 33. Rec1 h6 34. Nf6 Re2 35. Nxd7 Bf2+ 36. Kg2 Be3+ 37. Kf1 Rf2+ 38. Ke1 Rxh2 39. gxh6+ Bxh6 40. Rd1 Rxh3 41. Nxc5 Bxc4 42. Kf2 Bf4 43. Rd4 Rh2+ 44. Kg1 Be3+ 45. Kxh2 Bxd4 46. Nb7 Rd7 47. Na5 Bxa2 0-1

[Event "FIDE WYCC Top Boards Girls 2023"]
[Site "Montesilvano"]
[Date "2023.11.16"]
[Round "4.10"]
[White "Shohradova, Leyla"]
[Black "Trunz, Michelle"]
[Result "1-0"]
[ECO "D11"]
[WhiteElo "1782"]
[BlackElo "1997"]
[Annotator "NA RC"]
[PlyCount "85"]
[EventDate "2023.11.13"]
[EventType "swiss"]
[EventCountry "ITA"]
[SourceTitle "playchess.com"]
[Source "ChessBase"]
[SourceQuality "1"]
[TimeControl "40/5400+30:1800+30"]

1. d4 d5 2. c4 c6 3. g3 Nf6 4. Nf3 Bg4 5. Bg2 e6 6. O-O Bd6 7. Qb3 Qb6 8. Qe3 Bxf3 9. c5 Qd8 10. Qxf3 Bc7 11. Bf4 O-O 12. Nc3 Nbd7 13. Bxc7 Qxc7 14. b4 b6 15. g4 a5 16. a3 e5 17. g5 Ne8 18. e3 g6 19. Bh3 Ng7 20. Bxd7 Qxd7 21. Na4 Qd8 22. Nxb6 Qxg5+ 23. Qg3 Qh5 24. Nd7 f6 25. Nxf8 Nf5 26. Nxh7 Kxh7 27. Qg2 Nh4 28. Qh3 g5 29. f3 Rg8 30. Qg4 Qh6 31. e4 Kg6 32. dxe5 f5 33. exf5+ Nxf5 34. Rf2 Ne3 35. Qe6+ Kh7 36. Qxh6+ Kxh6 37. Re1 d4 38. Rd2 axb4 39. axb4 g4 40. Rxd4 gxf3+ 41. Kf2 Ng4+ 42. Rxg4 Rxg4 43. e6 1-0

[Event "FIDE WYCC Top Boards Girls 2023"]
[Site "Montesilvano"]
[Date "2023.11.16"]
[Round "4.11"]
[White "Tsetskhladze, Mariam"]
[Black "Nurgaliyeva, Zarina"]
[Result "0-1"]
[ECO "C45"]
[WhiteElo "1911"]
[BlackElo "2104"]
[Annotator "RC"]
[PlyCount "96"]
[EventDate "2023.11.13"]
[EventType "swiss"]
[EventCountry "ITA"]
[SourceTitle "playchess.com"]
[Source "ChessBase"]
[SourceQuality "1"]
[TimeControl "40/5400+30:1800+30"]

1. e4 e5 2. Nf3 Nc6 3. d4 exd4 4. Nxd4 Qf6 5. Nf3 Bb4+ 6. c3 Bc5 7. Be2 Nge7 8. Bg5 Qg6 9. b4 Bd6 10. O-O f6 11. Bh4 O-O 12. Na3 Bf4 13. Bg3 Bxg3 14. hxg3 a6 15. b5 Ne5 16. Nxe5 fxe5 17. Qd3 Kh8 18. Nc4 Qe6 19. b6 d5 20. exd5 Nxd5 21. bxc7 e4 22. Qd4 b5 23. Nd2 Nf6 24. c4 b4 25. c5 Bd7 26. Rfe1 Qf5 27. Nc4 Be6 28. Nd6 Qg6 29. Bc4 Bxc4 30. Qxc4 Qh5 31. Nxe4 Ng4 32. Rad1 Qh2+ 33. Kf1 Qh1+ 34. Ke2 Qxg2 35. Kd2 Ne5 36. Qxb4 Nf3+ 37. Kc1 Nxe1 38. Rxe1 Rac8 39. c6 Rfe8 40. Qd6 Qf3 41. Re3 Qf7 42. Ng5 Qc4+ 43. Kd1 Qf1+ 44. Kc2 Qxf2+ 45. Kb1 Qxe3 46. Nf7+ Kg8 47. Nd8 Qb6+ 48. Kc2 Rcxd8 0-1

[Event "FIDE WYCC Top Boards Girls 2023"]
[Site "Montesilvano"]
[Date "2023.11.16"]
[Round "4.12"]
[White "Mou, Iris"]
[Black "Stankovic, Andrea"]
[Result "1-0"]
[ECO "C01"]
[WhiteElo "2086"]
[BlackElo "1768"]
[Annotator "NA RC"]
[PlyCount "71"]
[EventDate "2023.11.13"]
[EventType "swiss"]
[EventCountry "ITA"]
[SourceTitle "playchess.com"]
[Source "ChessBase"]
[SourceQuality "1"]
[TimeControl "40/5400+30:1800+30"]

1. e4 e6 2. d4 d5 3. Bd3 dxe4 4. Bxe4 Nf6 5. Bf3 c5 6. Ne2 Be7 7. Be3 cxd4 8. Qxd4 O-O 9. Nbc3 Nc6 10. Bxc6 bxc6 11. Qxd8 Rxd8 12. O-O Ba6 13. Rfd1 Nd5 14. Bd4 c5 15. Be5 f6 16. Bg3 Nb4 17. Bc7 Rdc8 18. Bd6 Kf7 19. Bxe7 Kxe7 20. Rdc1 Rd8 21. a3 Nc6 22. Ng3 Rd4 23. Nge4 c4 24. Nc5 Bc8 25. Nb5 Rd5 26. b4 Rb8 27. Nc3 Rd8 28. N3e4 f5 29. Ng3 e5 30. Rd1 Be6 31. c3 g5 32. a4 Kf6 33. Nf1 Bf7 34. Nd7+ Ke7 35. Nxb8 Rxb8 36. Ne3 1-0

[Event "FIDE WYCC Top Boards Girls 2023"]
[Site "Montesilvano"]
[Date "2023.11.17"]
[Round "5.7"]
[White "Balabayeva, Xeniya"]
[Black "Hrebenshchykova, Yelyzaveta"]
[Result "1/2-1/2"]
[ECO "C55"]
[WhiteElo "2192"]
[BlackElo "2292"]
[Annotator "RC"]
[PlyCount "109"]
[EventDate "2023.11.13"]
[EventType "swiss"]
[EventCountry "ITA"]
[SourceTitle "playchess.com"]
[Source "ChessBase"]
[SourceQuality "1"]
[TimeControl "40/5400+30:1800+30"]

1. e4 e5 2. Nf3 Nc6 3. Bc4 Nf6 4. d3 Be7 5. O-O O-O 6. Nc3 d6 7. a4 Bg4 8. h3 Bxf3 9. Qxf3 Nd4 10. Qd1 c6 11. Ba2 a5 12. Be3 Ne6 13. Qf3 Nd7 14. Ne2 Ndc5 15. Bc4 Bg5 16. c3 Bxe3 17. Qxe3 Qg5 18. Qxg5 Nxg5 19. f3 h5 20. h4 Nh7 21. d4 Nxa4 22. Rxa4 b5 23. Bxb5 cxb5 24. Ra3 Ra6 25. Rfa1 Rfa8 26. dxe5 dxe5 27. b4 a4 28. c4 bxc4 29. Nc3 Nf6 30. b5 Ra5 31. Rxa4 Rxa4 32. Rxa4 Rc8 33. Ra7 Kf8 34. b6 Rb8 35. Na4 Ke8 36. b7 Nd7 37. Ra8 Ke7 38. Rxb8 Nxb8 39. Nb6 c3 40. Nd5+ Kd6 41. Nxc3 Kc6 42. g4 hxg4 43. fxg4 Kxb7 44. h5 Kc8 45. Nd5 Kd8 46. g5 Nd7 47. Kg2 Ke8 48. Kf3 Kf8 49. Kg4 g6 50. Nf6 Nxf6+ 51. gxf6 gxh5+ 52. Kxh5 Kg8 53. Kh6 Kh8 54. Kg5 Kh7 55. Kh5 1/2-1/2